 Dungeon Crawl Stone Soup version 0.30-a0-1074-g5db6f66fbb (webtiles) character file.

Game seed: 16866148795063754830

45381 nidavellir the Peltast (level 14, -6/125 HPs)
             Began as a Minotaur Fighter on Apr 13, 2023.
             Was an Initiate of Gozag.
             Mangled by a vampire knight (illusionary)
             ... wielding a +0 bardiche
              (21 damage)
             ... on level 1 of the Depths.
             The game lasted 01:00:19 (13943 turns).

nidavellir the Peltast (Minotaur Fighter)          Turns: 13943, Time: 01:00:20

Health: -6/125     AC: 30    Str: 25    XL:     14   Next: 0%
Magic:  0/13       EV:  9    Int: 11    God:    Gozag
Gold:   1119       SH: 24    Dex: 20    Spells: 13/13 levels left

rFire   + + +      SeeInvis .    B - +7 Throatcutter {drain, coup de grace}
rCold   + + .      Faith    .    k - +3 tower shield
rNeg    . . .      Spirit   +    N - +11 plate armour of Omecs {rPois rF+++ rC+ Stlth-}
rPois   +          Reflect  .    (helmet restricted)
rElec   .          Rampage  .    S - scarf {rC+ rF+}
rCorr   .          Harm     + .  O - +2 pair of gloves {Dex+3}
Will    ++...                    (no boots) Stlth
                                 g - amulet of Divine Intervention {Spirit Harm +Blink rF++ Will+}
HPRegen 0.40/turn                u - +6 ring of intelligence
MPRegen 0.13/turn                E - +6 ring of dexterity

@: no status effects
A: horns 2, retaliatory headbutt
a: Renounce Religion, Evoke Blink, Potion Petition, Call Merchant, Bribe Branch


You were on level 1 of the Depths.
You worshipped Gozag.
Gozag was most pleased with you.
You visited 3 branches of the dungeon, and saw 17 of its levels.

You collected 2968 gold pieces.
You spent 1305 gold pieces at shops.
You paid 544 gold pieces to Gozag.

Inventory:

Hand Weapons
 a - a +0 long sword
 l - the +7 mace of Peace {freeze, Int+8 Dex-4 Stlth+}
   (You found it on level 5 of the Dungeon)

   Int:       It affects your intelligence (+8).
   Dex:       It affects your dexterity (-4).
   Stlth:     It makes you more stealthy.
 n - a +1 flail of venom
 B - the +7 Throatcutter (weapon) {drain, coup de grace}
   (You found it on level 7 of the Dungeon)
Missiles
 r - 3 throwing nets
Armour
 b - a +0 scale mail
 c - a +0 buckler
 h - +0 swamp dragon scales
 j - a +0 pair of gloves
 k - a +3 tower shield (worn)
 o - a +4 chain mail of fire resistance
 z - a +2 helmet
 F - a +0 cloak
 H - a +0 plate armour
 I - the +0 toga "Victory" {*Victory Clar}
   (You found it on level 10 of the Dungeon)

   *Victory:  When the wearer kills a threatening monster, it has a chance to
   gain +1 AC, +1 Slay, and +1 Int, capping at +7.
   When the wearer uses a scroll or a potion with a hostile monster in sight,
   its bonuses reset to +0.
   Unequipping it also resets its bonuses to +0.
   Clar:      It protects you against confusion.
 N - the +11 plate armour of Omecs (worn) {rPois rF+++ rC+ Stlth-}
   (You bought it in a shop on level 13 of the Dungeon)

   rF:        It renders you almost immune to fire.
   rC:        It protects you from cold.
   rPois:     It protects you from poison.
   Stlth:     It makes you less stealthy.
 O - a +2 pair of gloves of dexterity (worn)
 S - a scarf of resistance (worn)
Jewellery
 g - the amulet of Divine Intervention (around neck) {Spirit Harm +Blink rF++ Will+}
   (You acquired it on level 5 of the Dungeon)

   [amulet of guardian spirit]

   It causes incoming damage to be divided between your reserves of health and
   magic.
   rF:        It greatly protects you from fire.
   +Blink:    It lets you blink.
   Harm:      It increases damage dealt and taken.
   Will:      It increases your willpower.
 u - a +6 ring of intelligence (left hand)
 E - a +6 ring of dexterity (right hand)
 J - a +6 ring of intelligence
 L - a ring of poison resistance
 Q - a ring of wizardry
Wands
 s - a wand of paralysis (16) (quivered)
 y - a wand of flame (33)
 G - a wand of polymorph (6)
Scrolls
 e - 2 scrolls of butterflies
 m - a scroll of silence
 w - 5 scrolls of amnesia
 A - 7 scrolls of identify
 D - 6 scrolls of teleportation
 P - a scroll of poison
 R - a scroll of blinking
Potions
 d - a potion of might
 f - 2 potions of flight
 i - 2 potions of attraction
 p - 4 potions of brilliance
 q - 2 potions of mutation
 t - 6 potions of invisibility
 v - 2 potions of magic
 x - a potion of lignification {unknown}
 C - 11 potions of degeneration
 K - 2 potions of haste
 M - a potion of ambrosia {unknown}
 T - a potion of curing


   Skills:
 + Level 11.8 Fighting
 - Level 14.0 Long Blades
 + Level 8.0 Maces & Flails
 + Level 13.3 Armour
 + Level 5.8 Dodging
 + Level 3.1 Stealth
 + Level 16.6 Shields
 + Level 0.3 Evocations


You had 13 spell levels left.
You didn't know any spells.
Your spell library contained the following spells:

 Spells                   Type           Power      Damage    Failure   Level
 Freeze                   Ice            0%         1d3       100%        1
 Shock                    Conj/Air       0%         1d3       100%        1
 Sting                    Tmut/Pois      0%         1d3       100%        1
 Summon Small Mammal      Summ           0%         N/A       100%        1
 Blink                    Tloc           0%         N/A       100%        2
 Cigotuvi's Dreadful Rot  Necr/Pois/Air  0%         N/A       100%        2
 Lesser Beckoning         Tloc           0%         N/A       100%        2
 Momentum Strike          Conj/Tloc      0%         3d8       100%        2
 Poisonous Vapours        Pois/Air       0%         N/A       100%        2
 Call Canine Familiar     Summ           0%         N/A       100%        3
 Frozen Ramparts          Ice            0%         1d1       100%        3
 Gell's Gravitas          Tloc           0%         N/A       100%        3
 Hailstorm                Conj/Ice       0%         3d3       100%        3
 Ignite Poison            Fire/Tmut/Pois 0%         N/A       100%        3
 Summon Guardian Golem    Hex/Summ       0%         N/A       100%        3
 Swiftness                Air            0%         N/A       100%        3
 Teleport Other           Tloc           0%         N/A       100%        3
 Airstrike                Air            0%         2d(0-16)  100%        4
 Olgreb's Toxic Radiance  Pois           0%         N/A       100%        4
 Fireball                 Conj/Fire      0%         3d3       100%        5
 Freezing Cloud           Conj/Ice/Air   0%         6-21      100%        5
 Iskenderun's Battlesphe  Conj           0%         2d6       100%        5
 Conjure Ball Lightning   Conj/Air       0%         3x3d6     100%        6
 Orb of Destruction       Conj           0%         9d5       100%        7


Dungeon Overview and Level Annotations

Branches:
Dungeon (15/15)            Temple (1/1) D:5            Lair (0/5) D:10
    Orc (0/2) D:11         Vaults (0/5) D:14         Depths (1/4) D:15

Altars:
Ashenzari
Cheibriados
Dithmenos
Elyvilon
Fedhas
Gozag
Hepliaklqana
Kikubaaqudgha
Makhleb
Nemelex Xobeh
Okawaru
Qazlal
Ru
Sif Muna
Trog
Uskayaw
Vehumet
Wu Jian
Xom
Yredelemnul
Zin
The Shining One

Shops:
D:1 *   D:11 (   D:13 [

Annotations:
D:3 Robin, Sigmund
D:7 Pikel


Innate Abilities, Weirdness & Mutations

You have a pair of horns on your head.
You reflexively headbutt those who attack you in melee.


Message History

The rakshasa resists with almost no effort.
The vampire knight shouts!
The vampire knight mumbles some strange words.
The vampire knight seems to speed up.
The vampire knight mumbles some strange words.
The vampire knight flickers and vanishes!
Deactivating autopickup; reactivate with Ctrl-A.
The rakshasa weaves an illusion.
You hear some strange, mumbled words.
The rakshasa weaves an illusion.
The vampire knight gestures wildly while chanting.
The vampire knight flickers and vanishes!
Something hits you!! Something hits you!
You see here a wand of paralysis (4).
You block something's attack. Something hits you!!
You block something's attack.
A deep troll shaman comes into view.
Something hits you! Something hits you. Something bites you but does no damage.
You block the rakshasa's attack. Something hits you but does no damage.
You slice the vampire knight!!
You destroy the vampire knight!
The vampire knight shimmers and vanishes!
You block something's attack. x3; Something hits you.
* * * LOW HITPOINT WARNING * * *
You hit something but do no damage. Something hits you!
* * * LOW HITPOINT WARNING * * *
Something bites you but does no damage.
You hear some strange, mumbled words.
Something tries to affect you, but you resist.
A deep troll comes into view.
The rakshasa barely misses you.
You hear some strange, mumbled words.
Something tries to affect you, but you resist.
Something hits you.
* * * LOW HITPOINT WARNING * * *
You barely miss something.
The deep troll shouts!
You hear a roar!
Something hits you!!
You die...
Your body crumbles into a pile of gold.

#.###≈≈##..#
#.###≈≈##..#
#.#######..#
######..........#
................#
T..........≈≈≈≈.#
.T........<≈≈≈≈.#
...........≈##≈.#
.....R.@/..≈#
......{....≈≈§≈.#
..!.............#
.##########+#####


You could see a rakshasa, a deep troll and a deep troll shaman.

Vanquished Creatures
  Jorgrun (D:13)
  Agnes (D:14)
  A stone giant (D:15)
  A hydra (D:14)
  2 ogre magi (D:15)
  A catoblepas (D:14)
  4 centaur warriors
  Erica (D:10)
  2 dancing weapons (D:14)
  6 tengu warriors
  9 two-headed ogres
  Sonja (D:11)
  An orc knight (D:15)
  7 cyclopes
  A wolf spider (D:15)
  A manticore (D:14)
  9 ugly things
  Maurice (D:9)
  Joseph (D:10)
  Maggie (D:6)
  2 kobold demonologists (D:7)
  A rime drake (D:10)
  A tengu conjurer (D:15)
  6 meliai
  2 trolls
  2 hornets
  A blink frog (shapeshifter) (D:15)
  15 slime creatures
  2 shadows (D:12)
  A vampire (D:12)
  4 wraiths
  A water elemental (D:12)
  6 wyverns
  16 yaks
  3 steam dragons
  4 vampire mosquitoes
  A basilisk (D:15)
  Edmund (D:4)
  A water moccasin (D:9)
  7 ice beasts
  A swamp drake (D:11)
  6 orc warriors
  A sky beast (D:6)
  2 black bears
  5 ogres
  4 wolves (D:10)
  12 centaurs
  2 phantoms
  2 bullfrogs
  5 kobold brigands
  4 gnoll sergeants
  2 scorpions
  5 wights
  6 killer bees (D:7)
  5 howler monkeys
  5 electric eels
  4 hounds
  3 jellies
  13 orc priests
  A gnoll bouda (D:8)
  2 iguanas
  10 orc wizards
  13 gnolls
  5 adders
  A shadow imp (D:5)
  A white imp (D:6)
  An ufetubus (D:6)
  A worm (D:4)
  3 dart slugs
  36 orcs
  A bat (D:1)
  6 endoplasms
  2 giant cockroaches
  14 goblins
  6 hobgoblins
  7 jackals
  5 quokkas
  5 ball pythons
  2 frilled lizards
  7 kobolds
  5 rats
350 creatures vanquished.

Vanquished Creatures (others)
  20 plants
20 creatures vanquished.

Grand Total: 370 creatures vanquished

Notes
Turn   | Place    | Note
-------+----------+-------------------------------------------
     0 | D:1      | nidavellir the Minotaur Fighter began the quest for the
                  | Orb.
     0 | D:1      | Reached XP level 1. HP: 19/19 MP: 0/0
   336 | D:1      | Reached XP level 2. HP: 27/27 MP: 1/1
   701 | D:1      | Found Saczixky's Assorted Antiques.
  1363 | D:2      | Reached XP level 3. HP: 34/34 MP: 2/2
  1481 | D:2      | Found a shimmering altar of Xom.
  1727 | D:3      | Noticed Sigmund
  1727 | D:3      | Noticed Robin
  1743 | D:2      | Reached skill level 4 in Shields
  2022 | D:3      | Reached XP level 4. HP: 17/41 MP: 3/3
  2199 | D:4      | Noticed a phantom
  2203 | D:4      | Reached skill level 1 in Dodging
  2214 | D:4      | Killed a phantom
  2215 | D:4      | Reached XP level 5. HP: 32/47 MP: 4/4
  2527 | D:4      | Noticed Edmund
  2542 | D:4      | Killed Edmund
  2543 | D:4      | Reached skill level 5 in Armour
  2543 | D:4      | Reached XP level 6. HP: 18/55 MP: 5/5
  3008 | D:4      | Found a broken altar of Ashenzari.
  3090 | D:5      | Entered Level 5 of the Dungeon
  3154 | D:5      | Found a staircase to the Ecumenical Temple.
  3188 | D:5      | Identified the +7 mace of Peace {freeze, Int+8 Dex-4
                  | Stlth+}
  3228 | Temple   | Entered the Ecumenical Temple
  3288 | D:5      | Identified a scroll of acquirement
  3288 | D:5      | Acquired the amulet of Divine Intervention {Spirit Harm
                  | +Blink rF++ Will+}
  3519 | D:5      | Reached skill level 5 in Fighting
  3519 | D:5      | Reached skill level 5 in Long Blades
  3528 | D:5      | Reached skill level 1 in Maces & Flails
  3528 | D:5      | Reached skill level 5 in Shields
  3528 | D:5      | Reached XP level 7. HP: 20/61 MP: 3/6
  3616 | D:5      | Noticed a steam dragon
  3623 | D:5      | Killed a steam dragon
  4201 | D:6      | Reached XP level 8. HP: 55/68 MP: 7/7
  4474 | D:6      | Noticed Maggie
  4497 | D:6      | Killed Maggie
  4498 | D:6      | Reached skill level 6 in Shields
  4717 | D:6      | Reached skill level 5 in Maces & Flails
  4852 | D:7      | Reached skill level 7 in Shields
  4994 | D:7      | Reached XP level 9. HP: 29/75 MP: 3/8
  4997 | D:7      | Found a stormy altar of Qazlal.
  5002 | D:7      | Found a shimmering blue altar of Sif Muna.
  5004 | D:7      | Found an opulent altar of Gozag.
  5004 | D:7      | Found a shadowy altar of Dithmenos.
  5058 | D:7      | Found an ancient bone altar of Kikubaaqudgha.
  5061 | D:7      | Found a glowing golden altar of the Shining One.
  5067 | D:7      | Became a worshipper of Gozag Ym Sagoz the Greedy
  5406 | D:7      | Found the +7 Throatcutter {drain, coup de grace}
  5406 | D:7      | Noticed a kobold demonologist
  5406 | D:7      | Noticed a kobold demonologist
  5425 | D:7      | Killed a kobold demonologist
  5426 | D:7      | Reached skill level 8 in Shields
  5429 | D:7      | Killed a kobold demonologist
  5725 | D:7      | Found an ornate altar of the Wu Jian Council.
  5749 | D:7      | Noticed Pikel
  5897 | D:8      | Reached skill level 9 in Shields
  6308 | D:8      | Reached XP level 10. HP: 84/84 MP: 9/9
  6963 | D:9      | Reached skill level 10 in Shields
  6986 | D:9      | Noticed a two-headed ogre
  6994 | D:9      | Killed a two-headed ogre
  7069 | D:9      | Noticed Maurice
  7076 | D:9      | Killed Maurice
  7463 | D:10     | Entered Level 10 of the Dungeon
  7470 | D:10     | Reached skill level 10 in Long Blades
  7515 | D:10     | Found a sparkling altar of Nemelex Xobeh.
  7759 | D:10     | Found the +0 toga "Victory" {*Victory Clar}
  7849 | D:10     | Reached XP level 11. HP: 86/92 MP: 8/10
  7989 | D:10     | Reached skill level 1 in Stealth
  8097 | D:10     | Noticed Joseph
  8113 | D:10     | Killed Joseph
  8118 | D:10     | Reached skill level 10 in Armour
  8137 | D:10     | Found a staircase to the Lair.
  8229 | D:10     | Noticed Erica
  8243 | D:10     | Killed Erica
  8471 | D:11     | Reached skill level 11 in Shields
  8648 | D:11     | Reached skill level 5 in Dodging
  8704 | D:11     | Noticed a centaur warrior
  8714 | D:11     | Killed a centaur warrior
  8909 | D:11     | Found a staircase to the Orcish Mines.
  9700 | D:11     | Noticed Sonja
  9710 | D:11     | Killed Sonja
 10690 | D:12     | Reached XP level 12. HP: 48/102 MP: 2/11
 11058 | D:13     | Reached skill level 12 in Shields
 11060 | D:13     | Found Raricoj's Antique Armour Shoppe.
 11070 | D:13     | Bought a fine plate armour for 840 gold pieces
 11070 | D:13     | Identified the +11 plate armour of Omecs {rPois rF+++ rC+
                  | Stlth-} (You bought it in a shop on level 13 of the
                  | Dungeon)
 11070 | D:13     | Bought a pair of runed gloves for 225 gold pieces
 11097 | D:13     | Noticed Jorgrun
 11109 | D:13     | Killed Jorgrun
 11316 | D:13     | Noticed a centaur warrior
 11334 | D:13     | Killed a centaur warrior
 11655 | D:13     | Bought a glowing scarf for 240 gold pieces
 11813 | D:13     | Reached skill level 13 in Shields
 12046 | D:14     | Noticed a tengu warrior
 12057 | D:14     | Killed a tengu warrior
 12058 | D:14     | Reached skill level 10 in Fighting
 12105 | D:14     | Noticed a centaur warrior
 12122 | D:14     | Killed a centaur warrior
 12123 | D:14     | Reached XP level 13. HP: 40/113 MP: 6/12
 12136 | D:14     | Reached skill level 14 in Shields
 12142 | D:14     | Found a gate to the Vaults.
 12475 | D:14     | Noticed Agnes
 12487 | D:14     | Killed Agnes
 12751 | D:15     | Entered Level 15 of the Dungeon
 13182 | D:15     | Reached skill level 15 in Shields
 13370 | D:15     | Reached skill level 16 in Shields
 13704 | D:15     | Found a staircase to the Depths.
 13704 | D:15     | Noticed a stone giant
 13708 | D:15     | Killed a stone giant
 13719 | D:15     | Reached XP level 14. HP: 117/125 MP: 13/13
 13932 | Depths:1 | Entered Level 1 of the Depths
 13934 | Depths:1 | Noticed a vampire knight
 13934 | Depths:1 | Noticed a vampire knight
 13943 | Depths:1 | Mangled by a vampire knight (illusionary)

Illustrated notes

Levels and vault maps discovered:
D:1:      dpeg_arrival_renting, layout_basic, serial_shops, shop, serial_curves,
          eino_curves_03, eino_curves_01
D:2:      layout_basic, basic_altar
D:3:      layout_loops_ring, uniq_crazy_yiuf_cottage, uniq_sigmund, uniq_robin
D:4:      layout_basic, mainiacjoe_overflow_alcove_1, uniq_edmund
D:5:      layout_cave_pods, temple_pool_b
D:6:      layout_loops_cross, uniq_maggie
D:7:      layout_basic, nicolae_overflow_hidden_temple,
          grunt_temple_overflow_open, serial_bayou, serial_bayou_pond_a,
          serial_bayou_shore_b, serial_bayou_pond_e, serial_bayou_pond_d,
          serial_bayou_lagoon_a, serial_bayou_crossing,
          dilly_guarded_unrand_throatcut, uniq_pikel
D:8:      layout_basic
D:9:      layout_basic, minmay_between, uniq_maurice
D:10:     layout_irregular_city, amcnicky_altar_gilded, hellmonk_lair_entry_icy,
          mrwooster_statue_mirror, uniq_joseph, uniq_erica
D:11:     layout_basic, erik_orc_1, gauntlet_entry_generic, uniq_sonja
D:12:     layout_layer_cave, minivault_1, serial_bayou_lake_a
D:13:     layout_irregular_city, serial_shops, shop, uniq_jorgrun
D:14:     layout_long_grid, erik_vaults_1, minmay_staircase_bubble, uniq_agnes
D:15:     grunt_enter_depths_snipers, layout_basic, dk_noncrumbling_4
Temple:   nicolae_temple_ecumenical_triangle
Depths:1: layout_gridlike, minmay_misc_feat_tiny, hell_entry,
          nicolae_trove_entry_crossroad, minmay_the_grid_2x2
          [minmay_the_grid_dragon_a, minmay_the_grid_diamond_grid,
          minmay_the_grid_airy, minmay_the_grid_prize_diamond_cup], uniq_sojobo,
          uniq_bai_suzhen

Skill      XL: |  1  2  3  4  5  6  7  8  9 10 11 12 13 |
---------------+----------------------------------------+-----
Fighting       | 4 5 6 7 8 10 11 | 11.8
Armour         | 4 5 6 8 9 10 11 13 | 13.3
Long Blades    | 3 4 5 6 10 12 14 | 14.0
Shields        | 4 5 7 9 10 11 13 16 | 16.6
Dodging        | 1 2 3 4 5 |  5.8
Maces & Flails | 1 3 5 7 8 |  8.0
Stealth        | 1 2 3 |  3.1
Evocations     | |  0.3

Action                     |  1- 3 |  4- 6 |  7- 9 | 10-12 | 13-15 || total
---------------------------+-------+-------+-------+-------+-------++-------
  Melee: Long sword        |    69 |    69 |    34 |   456 |   166 ||   794
         Headbutt          |    12 |    22 |    27 |    94 |    31 ||   186
         Flail             |       |    15 |       |       |       ||    15
         Mace              |       |    11 |   176 |       |       ||   187
 Invoke: Call Merchant     |       |       |       |     1 |       ||     1
Ability: Evoke Blink       |       |       |     1 |       |       ||     1
  Evoke: Wand              |       |       |     1 |       |     1 ||     2
    Use: Scroll            |       |     8 |    12 |     3 |     1 ||    24
         Potion            |       |     1 |       |     7 |     5 ||    13
   Stab: Distracted        |       |       |       |     7 |     2 ||     9
 Armour: Scale mail        |    63 |    42 |       |       |       ||   105
         Chain mail        |       |    37 |   138 |   112 |       ||   287
         Plate armour      |       |       |       |    60 |    73 ||   133
  Dodge: Dodged            |    57 |    50 |    45 |    92 |    41 ||   285
  Block: Buckler           |    36 |    26 |       |       |       ||    62
         Tower shield      |       |    20 |   205 |   529 |   161 ||   915

Table legend: (Time is in decaauts)
 A = Elapsed time spent in this place.
 B = Non-inter-level travel time spent in this place.
 C = Inter-level travel time spent in this place.
 D = Time resting spent in this place.
 E = Time spent auto-exploring this place.
 F = Levels seen in this place.
 G = Mean time per level.
                   A        B        C        D        E       F      G
               +--------+--------+--------+--------+--------+-----+--------+
         Total |  14218 |  14218 |      0 |      0 |      0 |  17 |  836.4 |
       Dungeon |  14158 |  14158 |      0 |      0 |      0 |  15 |  943.9 |
        Temple |     49 |     49 |      0 |      0 |      0 |   1 |   49.0 |
        Depths |     10 |     10 |      0 |      0 |      0 |   1 |   10.0 |
               +--------+--------+--------+--------+--------+-----+--------+

Top non-repeatable levels by time:
    D:11: 1634 daAuts
     D:2: 1179 daAuts
    D:14: 1138 daAuts
     D:7: 1088 daAuts
    D:10: 1023 daAuts
    D:12: 1004 daAuts
     D:5: 982 daAuts
     D:4: 976 daAuts
     D:9: 933 daAuts
    D:13: 906 daAuts
    D:15: 819 daAuts
     D:1: 805 daAuts
     D:6: 771 daAuts
     D:8: 720 daAuts
     D:3: 173 daAuts
